 Dungeon Crawl Stone Soup version 0.29.0-4-gdea44cf6ec (webtiles) character file.

Game seed: 10825723109783703598

170 qw the Chopper (level 5, -2/42 HPs)
             Began as a Barachi Chaos Knight on Sept 6, 2022.
             Slain by Grinder (4 damage)
             ... on level 3 of the Dungeon.
             The game lasted 00:01:30 (3045 turns).

qw the Chopper (Barachi Chaos Knight)               Turns: 3045, Time: 00:01:30

Health: -2/42      AC:  7    Str: 16      XL:     5   Next: 50%
Magic:  5/5        EV:  9    Int: 11 (12) God:
Gold:   118        SH: 11    Dex: 17      Spells: 4/4 levels left

rFire   . . .      SeeInvis .   Y - +0 hand axe (chaos)
rCold   . . .      Faith    .   f - +0 tower shield
rNeg    . . .      Spirit   .   r - +0 scale mail
rPois   +          Reflect  .   p - +0 helmet
rElec   +          Harm     .   (no cloak)
rCorr   .          Rampage  .   (no gloves)
Will    .....                   (no boots)
Stlth   +.........              (no amulet)
HPRegen 0.14/turn               m - +4 ring of evasion
MPRegen 0.09/turn               n - ring of the Magpie {rElec rPois Dex+6 Stlth+}

@: slow
A: amphibious, slowness 1, strong legs 1, +LOS, deterioration 2, passive freeze,
subdued magic 1, inability to drink after injury 1
a: Hop


You were on level 3 of the Dungeon.
You visited 1 branch of the dungeon, and saw 3 of its levels.

You collected 118 gold pieces.


Innate Abilities, Weirdness & Mutations

You are amphibious.
You cover ground slowly.
You can hop short distances.
You have an extended range of vision and can be seen from far away.
Your body often deteriorates upon taking damage.
A frigid envelope surrounds you and freezes all who hurt you.
Your spells are a little easier to cast, but a little less powerful.
You occasionally lose the ability to drink potions when taking damage.


   Skills:
 - Level 3.9 Fighting
 - Level 6.1 Axes
 - Level 2.4 Armour
 - Level 2.0 Dodging
 + Level 0.2 Shields


You had 4 spell levels left.
You didn't know any spells.
Your spell library was empty.

Inventory:

Hand Weapons
 q - a +0 flail
 Y - a +0 hand axe of chaos (weapon)
Armour
 f - a +0 tower shield (worn)
 p - a +0 helmet (worn)
 r - a +0 scale mail (worn)
Jewellery
 m - a +4 ring of evasion (left hand)
 n - the ring of the Magpie (right hand) {rElec rPois Dex+6 Stlth+}
   (Xom gifted it to you on level 1 of the Dungeon)

   [ring of dexterity]

   Dex:       It affects your dexterity (+6).
   rElec:     It insulates you from electricity.
   rPois:     It protects you from poison.
   Stlth:     It makes you more stealthy.
Potions
 a - a potion of resistance {unknown}
 e - a potion of lignification {unknown}
 h - 2 potions of curing {unknown}
 i - a potion of ambrosia {unknown}
 j - a potion of cancellation {unknown}
 o - a potion of flight {unknown}
 s - a potion of might {unknown}
Miscellaneous
 c - a piece from Xom's chessboard (15/15)

Dungeon Overview and Level Annotations

Branches:
Dungeon (3/15)

Altars:

Annotations:
D:2 1 runed translucent door, Crazy Yiuf
D:3 Grinder


Message History

Grinder hits you.
You writhe in agony.
Grinder resists.
Grinder is very cold.
Grinder is lightly wounded.
You closely miss Grinder.
Grinder is lightly wounded.
You block Grinder's attack. Grinder hits you.
You writhe in agony.
Grinder resists.
Grinder is very cold.
Grinder is lightly wounded.
You hit Grinder.
Grinder is lightly wounded.
Grinder hits you.
Grinder completely resists.
You hit Grinder.
Grinder is lightly wounded.
Grinder gestures at you. Pain shoots through your body! Grinder hits you.
Grinder completely resists.
You closely miss Grinder.
Grinder is lightly wounded.
You hear the slow rusting of a distant drain.
You block Grinder's attack.
You hit Grinder.
Grinder is moderately wounded.
Grinder says, "Don't move a muscle."
Grinder blinks!
Grinder gestures at you. You resist with significant effort.
Grinder gestures at you.
You suddenly lose the ability to move!
You can move again.
You hit Grinder but do no damage.
Grinder is lightly wounded.
Grinder hits you.
You writhe in agony.
Your body deteriorates!
You feel dopey.
Grinder resists.
Grinder is very cold.
Grinder is moderately wounded.
You hit Grinder.
Grinder is moderately wounded.
Grinder hits you.
You writhe in agony.
Grinder resists.
Grinder is very cold.
Grinder is moderately wounded.
Grinder hits you.
You die...
Xom cackles wildly!

#.#
#...########<#
#.#
#.##########.#
#.#
#............#
#.#
##############
#.#########
#.........#
#########.#
#.#
###########
#########.#
#.@5.......
#.........#
#.#########
#.#########
#.# #.# #.#
#.# #.# ###.#
#.# ....# #.#
##..# #.#
#..### #.#


You could see Grinder.

Vanquished Creatures
  A scorpion (D:2)
  Terence (D:2)
  Robin (D:2)
  An adder (D:2)
  A dart slug (D:1)
  7 endoplasms
  A giant cockroach (D:1)
  10 goblins
  8 hobgoblins
  A jackal (D:1)
  6 kobolds
  A quokka (D:1)
  6 ball pythons
  4 bats (D:2)
  6 frilled lizards
  4 rats
59 creatures vanquished.

Notes
Turn   | Place    | Note
-------+----------+-------------------------------------------
     0 | D:1      | qw the Barachi Chaos Knight began the quest for the Orb.
     0 | D:1      | Reached XP level 1. HP: 18/18 MP: 1/1
     0 | D:1      | 0 ||| qw: Version: 0.1-a-108-g9e35731
     0 | D:1      | 0 ||| qw: Game counter: 6218
     0 | D:1      | 0 ||| qw: Always use a shield: true
     0 | D:1      | 0 ||| qw: God list: Okawaru
     0 | D:1      | 0 ||| qw: Allow faded altars: false
     0 | D:1      | 0 ||| qw: Do Orc after D:15 true
     0 | D:1      | 0 ||| qw: Do second Lair branch before Depths: true
     0 | D:1      | 0 ||| qw: Lair rune preference: random
     0 | D:1      | 0 ||| qw: Plans: Normal
     0 | D:1      | 0 ||| PLANNING D:1-11
     0 | D:1      | Fell from the grace of Xom
   269 | D:1      | 269 ||| Stepping ~*~*~tactically~*~*~ (stealth).
   273 | D:1      | XOM: give mutations
   273 | D:1      | Gained mutation: You are frail. (-10% HP) [Xom's mischief]
   273 | D:1      | Gained mutation: Armour fits poorly on your strangely
                  | shaped body. [Xom's mischief]
   273 | D:1      | Lost mutation: Armour fits poorly on your strangely shaped
                  | body. [Xom's mischief]
   273 | D:1      | Gained mutation: You occasionally lose the ability to drink
                  | potions when taking damage. [Xom's mischief]
   319 | D:1      | XOM: summons 1 hostile demon
   320 | D:1      | Noticed a crimson imp
   332 | D:1      | HP: 4/16 [something (2)]
   591 | D:1      | Reached XP level 2. HP: 11/21 MP: 2/2
   795 | D:1      | Reached skill level 4 in Axes
   972 | D:1      | Found a faded altar of an unknown god.
  1189 | D:1      | Reached XP level 3. HP: 26/26 MP: 3/3
  1247 | D:1      | 1247 ||| Stepping ~*~*~tactically~*~*~ (stealth).
  1249 | D:1      | 1249 ||| Stepping ~*~*~tactically~*~*~ (stealth).
  1289 | D:1      | Identified the ring of the Magpie {rElec rPois Dex+6
                  | Stlth+} (Xom gifted it to you on level 1 of the Dungeon)
  1289 | D:1      | XOM: god gift: ring of the Magpie {rElec rPois Dex+6
                  | Stlth+}
  1330 | D:1      | XOM: give mutation
  1330 | D:1      | Gained mutation: You are clumsy. (Dex -2) [Xom's mischief]
  1377 | D:1      | 1377 ||| DROPPING +0 club.
  1585 | D:1      | 1585 ||| UPGRADING to +4 ring of evasion.
  1586 | D:1      | 1586 ||| UPGRADING to ring of the Magpie {rElec rPois Dex+6
                  | Stlth+}.
  1587 | D:1      | 1587 ||| READING scroll labelled PEIMEL CIRI.
  1588 | D:1      | 1588 ||| READING scroll labelled XAODUC JIHUU.
  1589 | D:1      | 1589 ||| DRINKING 2 purple potions.
  1590 | D:1      | 1590 ||| DRINKING 2 bubbling golden potions.
  1695 | D:1      | 1695 ||| DROPPING potion of attraction.
  1696 | D:1      | 1696 ||| DROPPING potion of berserk rage.
  1765 | D:2      | 1765 ||| STAIRDANCE
  1830 | D:2      | 1830 ||| STAIRDANCE
  1872 | D:2      | 1872 ||| Stepping ~*~*~tactically~*~*~ (stealth).
  1973 | D:2      | XOM: god gift: silver javelin
  2044 | D:2      | Found a runed translucent door.
  2045 | D:2      | Noticed Crazy Yiuf
  2063 | D:2      | 2063 ||| Stepping ~*~*~tactically~*~*~ (stealth).
  2067 | D:2      | 2067 ||| Stepping ~*~*~tactically~*~*~ (stealth).
  2070 | D:2      | 2070 ||| Stepping ~*~*~tactically~*~*~ (stealth).
  2071 | D:2      | 2071 ||| Stepping ~*~*~tactically~*~*~ (stealth).
  2111 | D:2      | Noticed a scorpion
  2114 | D:2      | 2114 ||| Stepping ~*~*~tactically~*~*~ (stealth).
  2124 | D:2      | Killed a scorpion
  2125 | D:2      | Reached skill level 5 in Axes
  2125 | D:2      | Reached XP level 4. HP: 26/32 MP: 4/4
  2161 | D:2      | 2161 ||| Stepping ~*~*~tactically~*~*~ (stealth).
  2172 | D:2      | 2172 ||| Stepping ~*~*~tactically~*~*~ (stealth).
  2173 | D:2      | 2173 ||| Stepping ~*~*~tactically~*~*~ (stealth).
  2190 | D:2      | 2190 ||| Stepping ~*~*~tactically~*~*~ (stealth).
  2207 | D:2      | 2207 ||| FLEEEEING.
  2254 | D:2      | 2254 ||| Stepping ~*~*~tactically~*~*~ (stealth).
  2260 | D:2      | 2260 ||| Stepping ~*~*~tactically~*~*~ (stealth).
  2303 | D:2      | 2303 ||| Stepping ~*~*~tactically~*~*~ (stealth).
  2307 | D:2      | 2307 ||| Stepping ~*~*~tactically~*~*~ (stealth).
  2309 | D:2      | Noticed Robin
  2319 | D:2      | Killed Robin
  2320 | D:2      | Reached XP level 5. HP: 33/36 MP: 5/5
  2323 | D:2      | 2323 ||| Stepping ~*~*~tactically~*~*~ (stealth).
  2324 | D:2      | 2324 ||| Stepping ~*~*~tactically~*~*~ (stealth).
  2325 | D:2      | 2325 ||| Stepping ~*~*~tactically~*~*~ (stealth).
  2327 | D:2      | 2327 ||| Stepping ~*~*~tactically~*~*~ (stealth).
  2329 | D:2      | 2329 ||| Stepping ~*~*~tactically~*~*~ (stealth).
  2359 | D:2      | Noticed Terence
  2373 | D:2      | Killed Terence
  2374 | D:2      | Reached skill level 6 in Axes
  2376 | D:2      | 2376 ||| DROPPING +0 whip.
  2406 | D:2      | 2406 ||| Stepping ~*~*~tactically~*~*~ (stealth).
  2415 | D:2      | 2415 ||| Stepping ~*~*~tactically~*~*~ (stealth).
  2440 | D:2      | 2440 ||| Stepping ~*~*~tactically~*~*~ (stealth).
  2442 | D:2      | 2442 ||| Stepping ~*~*~tactically~*~*~ (stealth).
  2444 | D:2      | 2444 ||| Stepping ~*~*~tactically~*~*~ (stealth).
  2446 | D:2      | 2446 ||| Stepping ~*~*~tactically~*~*~ (stealth).
  2448 | D:2      | 2448 ||| Stepping ~*~*~tactically~*~*~ (stealth).
  2506 | D:2      | 2506 ||| Stepping ~*~*~tactically~*~*~ (stealth).
  2507 | D:2      | 2507 ||| Stepping ~*~*~tactically~*~*~ (stealth).
  2511 | D:2      | 2511 ||| Stepping ~*~*~tactically~*~*~ (stealth).
  2512 | D:2      | 2512 ||| Stepping ~*~*~tactically~*~*~ (stealth).
  2523 | D:2      | 2523 ||| Stepping ~*~*~tactically~*~*~ (stealth).
  2524 | D:2      | 2524 ||| Stepping ~*~*~tactically~*~*~ (stealth).
  2527 | D:2      | XOM: polymorph dart slug -> endoplasm
  2529 | D:2      | 2529 ||| Stepping ~*~*~tactically~*~*~ (stealth).
  2532 | D:2      | 2532 ||| Stepping ~*~*~tactically~*~*~ (stealth).
  2543 | D:2      | 2543 ||| Stepping ~*~*~tactically~*~*~ (stealth).
  2544 | D:2      | 2544 ||| Stepping ~*~*~tactically~*~*~ (stealth).
  2545 | D:2      | 2545 ||| Stepping ~*~*~tactically~*~*~ (stealth).
  2547 | D:2      | 2547 ||| Stepping ~*~*~tactically~*~*~ (stealth).
  2749 | D:2      | XOM: give mutations
  2749 | D:2      | Gained mutation: Armour fits poorly on your strangely
                  | shaped body. [Xom's mischief]
  2749 | D:2      | Gained mutation: Your body sometimes deteriorates upon
                  | taking damage. [Xom's mischief]
  2749 | D:2      | Lost mutation: You are clumsy. (Dex -2) [Xom's mischief]
  2753 | D:2      | 2753 ||| UPGRADING to +0 tower shield.
  2758 | D:2      | 2758 ||| UPGRADING to +0 helmet.
  2763 | D:2      | 2763 ||| UPGRADING to +0 scale mail.
  2773 | D:2      | 2773 ||| DROPPING +2 leather armour.
  2774 | D:2      | 2774 ||| READING scroll labelled MYHAOHAQAI.
  2806 | D:2      | 2806 ||| READING scroll labelled QAKLAE ZEXOS.
  2807 | D:2      | 2807 ||| READING scroll labelled NUF IMADAOROXE.
  2808 | D:2      | 2808 ||| READING scroll labelled DOOQOE FOPYBODD.
  2809 | D:2      | 2809 ||| DRINKING 3 fuming emerald potions.
  2809 | D:2      | Lost mutation: You are frail. (-10% HP) [potion of
                  | mutation]
  2809 | D:2      | Lost mutation: Armour fits poorly on your strangely shaped
                  | body. [potion of mutation]
  2809 | D:2      | Gained mutation: Your spells are a little easier to cast,
                  | but a little less powerful. [potion of mutation]
  2809 | D:2      | Gained mutation: You are partially covered in iridescent
                  | scales. (AC +2) [potion of mutation]
  2840 | D:2      | 2840 ||| DRINKING 2 potions of mutation.
  2840 | D:2      | Lost mutation: You occasionally lose the ability to drink
                  | potions when taking damage. [potion of mutation]
  2840 | D:2      | Lost mutation: Your body sometimes deteriorates upon taking
                  | damage. [potion of mutation]
  2840 | D:2      | Lost mutation: Your spells are a little easier to cast, but
                  | a little less powerful. [potion of mutation]
  2840 | D:2      | Gained mutation: Your body sometimes deteriorates upon
                  | taking damage. [potion of mutation]
  2840 | D:2      | Gained mutation: You are mostly covered in iridescent
                  | scales. (AC +4) [potion of mutation]
  2840 | D:2      | Gained mutation: You occasionally lose the ability to drink
                  | potions when taking damage. [potion of mutation]
  2840 | D:2      | Gained mutation: You expend magic power (3 MP) to
                  | strengthen your wands. [potion of mutation]
  2841 | D:2      | 2841 ||| DRINKING potion of mutation.
  2841 | D:2      | Lost mutation: You expend magic power (3 MP) to strengthen
                  | your wands. [potion of mutation]
  2841 | D:2      | Lost mutation: You are mostly covered in iridescent scales.
                  | (AC +4) [potion of mutation]
  2841 | D:2      | Lost mutation: You are partially covered in iridescent
                  | scales. (AC +2) [potion of mutation]
  2841 | D:2      | Gained mutation: A frigid envelope surrounds you and
                  | freezes all who hurt you. [potion of mutation]
  2841 | D:2      | Gained mutation: Your spells are a little easier to cast,
                  | but a little less powerful. [potion of mutation]
  2841 | D:2      | Gained mutation: Your body often deteriorates upon taking
                  | damage. [potion of mutation]
  2871 | D:3      | 2871 ||| PLANNING SEWER
  2877 | D:3      | 2877 ||| Stepping ~*~*~tactically~*~*~ (stealth).
  2879 | D:3      | 2879 ||| Stepping ~*~*~tactically~*~*~ (stealth).
  2880 | D:3      | 2880 ||| Stepping ~*~*~tactically~*~*~ (stealth).
  3025 | D:3      | Noticed Grinder
  3026 | D:3      | 3026 ||| Stepping ~*~*~tactically~*~*~ (hiding).
  3030 | D:3      | 3030 ||| Stepping ~*~*~tactically~*~*~ (hiding).
  3042 | D:3      | Paralysed by Grinder for 2 turns
  3044 | D:3      | HP: 6/42 [Grinder (5)]
  3045 | D:3      | HP: 2/42 [Grinder (2)]
  3045 | D:3      | Slain by Grinder

Levels and vault maps discovered:
D:1:      dpeg_arrival_circle_labyrinth_c, layout_basic,
          hellmonk_ecumenical_altar_pennies_from_heaven
D:2:      layout_rooms, uniq_robin, uniq_crazy_yiuf_cottage, uniq_terence
D:3:      layout_loops_ring, portal_sewer_entry_b, uniq_grinder

Skill      XL: |  1  2  3  4  5 |
---------------+----------------+-----
Axes           | 4 5 6 |  6.1
Dodging        | 2 |  2.0
Fighting       | |  3.9
Armour         | |  2.4
Shields        | |  0.2

Action                   |  1- 3 |  4- 6 || total
-------------------------+-------+-------++-------
Melee: Hand axe          |   109 |    73 ||   182
       Punch             |       |     1 ||     1
Throw: Javelin           |     1 |     3 ||     4
Invok: Renounce Religion |     1 |       ||     1
  Use: Scroll            |     2 |     4 ||     6
       Potion            |     2 |     3 ||     5
Armor: Leather armour    |    28 |    16 ||    44
       Scale mail        |       |     1 ||     1
Dodge: Dodged            |    56 |    34 ||    90
Block: Tower shield      |       |     4 ||     4

Table legend:
 A = Non-vault XP
 B = Vault XP
 C = Vault XP percentage of total XP
 D = Non-vault monster count
 E = Vault monster count
 F = Vault count percentage of total count
                 A         B        C        D         E       F
            +---------+---------+-------+---------+---------+-------
      Total |     179 |      64 |  26.3 |      50 |       9 |  15.3
            +---------+---------+-------+---------+---------+-------
        D:1 |      44 |       0 |   0.0 |      26 |       0 |   0.0
        D:2 |     130 |      64 |  33.0 |      19 |       9 |  32.1
        D:3 |       5 |       0 |   0.0 |       5 |       0 |   0.0
            +---------+---------+-------+---------+---------+-------
